 Dungeon Crawl Stone Soup version 0.30-a0-800-g7c544603b3 (webtiles) character file.

Game seed: 8189448261183540365

6026 Demosthentine the Trooper (level 10, -13/80 HPs)
             Began as a Demonspawn Gladiator on Feb 22, 2023.
             Was an Initiate of Nemelex Xobeh.
             Mangled by Harold
             ... wielding a +0 glaive
              (14 damage)
             ... on level 9 of the Dungeon.
             The game lasted 00:14:34 (8782 turns).

Demosthentine the Trooper (Demonspawn Gladiator)    Turns: 8782, Time: 00:14:35

Health: -13/80     AC:  8    Str: 18    XL:     10   Next: 56%
Magic:  11/11      EV: 16    Int:  9    God:    Nemelex Xobeh [......]
Gold:   681        SH:  7    Dex: 19    Spells: 9/9 levels left

rFire   . . .      SeeInvis +    a - +1 trident (venom)
rCold   . . .      Faith    .    i - +1 buckler
rNeg    + + .      Spirit   .    u - +1 leather armour of Lust {rElec}
rPois   .          Reflect  .    (helmet restricted)
rElec   +          Harm     .    (cloak unavailable)
rCorr   +          Rampage  .    m - +1 pair of gloves of Cuanoemeh {Contam +Inv rN+}
Will    .....                    r - +0 pair of boots
Stlth   +                        j - amulet of the acrobat
HPRegen 0.33/turn                f - ring of Vota {rN+ Str+3 SInv}
MPRegen 0.12/turn                w - ring of resist corrosion

@: marked, on berserk cooldown, slowed, very slow
A: horns 1, demonic magic 1, weakness stinger 3, demonic touch 2
a: Renounce Religion, Evoke Invisibility, Draw Escape, Draw Destruction, Draw
Summoning


You were on level 9 of the Dungeon.
You worshipped Nemelex Xobeh.
Nemelex Xobeh was noncommittal.
You visited 2 branches of the dungeon, and saw 10 of its levels.

You collected 681 gold pieces.

Inventory:

Hand Weapons
 a - a +1 trident of venom (weapon)
 H - the +1 war axe of the Teaching Seer {flame, rF+++ rN+++ Will- Str-4}
   (You found it on level 8 of the Dungeon)

   Str:       It affects your strength (-4).
   rF:        It renders you almost immune to fire.
   rN:        It renders you almost immune to negative energy.
   Will:      It decreases your willpower.
Missiles
 e - 5 javelins (quivered)
Armour
 i - a +1 buckler (worn)
 m - the +1 pair of gloves of Cuanoemeh (worn) {Contam +Inv rN+}
   (You found it on level 3 of the Dungeon)

   rN:        It protects you from negative energy.
   +Inv:      It lets you turn invisible.
   Contam:    It causes magical contamination when unequipped.
 r - a +0 pair of boots (worn)
 u - the +1 leather armour of Lust (worn) {rElec}
   (You found it on level 6 of the Dungeon)

   rElec:     It insulates you from electricity.
Jewellery
 f - the ring of Vota (left hand) {rN+ Str+3 SInv}
   (You found it on level 2 of the Dungeon)

   [ring of see invisible]

   Str:       It affects your strength (+3).
   rN:        It protects you from negative energy.
   SInv:      It lets you see invisible.
 j - an amulet of the acrobat (around neck)
 w - a ring of resist corrosion (right hand)
 x - a ring of protection from cold
 A - a ring of poison resistance
Wands
 o - a wand of roots (3)
 D - a wand of flame (18)
Scrolls
 b - a scroll of fear
 g - a scroll of enchant weapon
 y - 2 scrolls of amnesia
 C - a scroll of teleportation
 E - a scroll of brand weapon
 G - a scroll of fog
Potions
 c - 3 potions of curing
 h - 3 potions of attraction
 k - a potion of lignification
 l - a potion of berserk rage
 n - a potion of resistance
 p - a potion of haste
 q - 2 potions of mutation {unknown}
 s - a potion of magic
 t - a potion of degeneration {unknown}
 v - 3 potions of brilliance {unknown}
 B - a potion of flight {unknown}


   Skills:
 + Level 7.8 Fighting
 + Level 7.4 Polearms
 - Level 1.7 Throwing
 - Level 6.5 Armour
 + Level 7.3 Dodging
 - Level 5.0 Shields
 + Level 2.3 Invocations


You had 9 spell levels left.
You didn't know any spells.
Your spell library contained the following spells:

 Spells                   Type           Power      Damage    Failure   Level
 Apportation              Tloc           0%         N/A       52%         1
 Freeze                   Ice            0%         1d3       52%         1
 Magic Dart               Conj           0%         1d3       52%         1
 Necrotise                Necr           0%         1d4       52%         1
 Sandblast                Erth           0%         2d4       52%         1
 Summon Small Mammal      Summ           0%         N/A       52%         1
 Call Imp                 Summ           0%         N/A       67%         2
 Passwall                 Tmut/Erth      0%         N/A       67%         2
 Mephitic Cloud           Conj/Pois/Air  0%         N/A       88%         3
 Ozocubu's Armour         Ice            0%         N/A       88%         3
 Stone Arrow              Conj/Erth      0%         3d7       88%         3
 Ozocubu's Refrigeration  Ice            0%         4d7       100%        7
 Polar Vortex             Ice            0%         N/A       100%        9


Dungeon Overview and Level Annotations

Branches:
Dungeon (9/15)             Temple (1/1) D:5
   Lair: D:8-11         Orc: D:9-12

Altars:
Ashenzari
Cheibriados
Dithmenos
Fedhas
Gozag
Makhleb
Nemelex Xobeh
Okawaru
Qazlal
Ru
Sif Muna
Trog
Vehumet
Wu Jian
Xom
Yredelemnul

Shops:
D:6 *   D:9 *[

Portals:
Abyss: D:6

Annotations:
D:6 2 transporters, Foxy's ghost, novice KoEn
D:9 Harold


Innate Abilities, Weirdness & Mutations

You have a pair of small horns on your head.
Spells you cast may paralyse adjacent enemies.
You have a sharp stinger which inflicts weakening toxins.
Your touch may inflict irresistible damage on your foes.


Message History

You feel sick.
You closely miss the two-headed ogre. You headbutt the two-headed ogre!
The two-headed ogre is lightly wounded.
You feel sick.
You are no longer poisoned.
You barely miss the two-headed ogre.
The two-headed ogre is lightly wounded.
You puncture the two-headed ogre!
The two-headed ogre looks as sick as possible!
The two-headed ogre is heavily wounded.
The two-headed ogre closely misses you.
The two-headed ogre hits you with a +0 giant club!!
* * * LOW HITPOINT WARNING * * *
You completely miss the two-headed ogre.
You headbutt the two-headed ogre!
The two-headed ogre is severely wounded.
You are no longer berserk.
You are exhausted.
You feel yourself slow down.
An orc comes into view. It is wielding a +0 hand axe.
You hit the two-headed ogre.
The two-headed ogre looks as sick as possible!
You tail-slap the two-headed ogre.
The two-headed ogre looks weaker.
The two-headed ogre is almost dead.
You block the two-headed ogre's attack. The two-headed ogre barely misses you.
The bullfrog releases a deep croak.
You hit the two-headed ogre but do no damage.
The two-headed ogre looks as sick as possible!
Your headbutt misses the two-headed ogre.
The two-headed ogre is almost dead.
The two-headed ogre hits you with a +0 giant club!
* * * LOW HITPOINT WARNING * * *
The two-headed ogre hits you with a +0 giant club!
* * * LOW HITPOINT WARNING * * *
You puncture the two-headed ogre!
You kill the two-headed ogre!
The bullfrog closely misses you.
Harold hits you from afar with a +0 glaive!
You die...
Your body disappears without a glow.

....###.........##.#####*#*
..####..........#...#.##.###
.@.##...........##.....#...#
#..#..#...≈...#.....##.....#
#........≈.≈..###.....<....#
##......≈...≈.####)....#####
*#..#..≈..∩..≈.##......#
##.#...≈...≈)y##†#....#
####...≈.≈.y@F@∩+...##
#....≈..y###+#..##
#...###### *,..## #####
*####


You could see Harold, a bullfrog and 3 killer bees.

Vanquished Creatures
  Erica (D:9)
  2 two-headed ogres
  The ghost of AuraOfTheDawn the Ruffian, a novice TrMo (D:5)
  Pikel (D:4)
  Psyche (D:8)
  A troll (D:6)
  Sigmund (D:3)
  A wyvern (D:8)
  2 acid dragons (D:8)
  3 water moccasins
  3 orc warriors
  A sky beast (D:6)
  An ice beast (D:7)
  A black bear (D:6)
  A phantom (D:6)
  A bullfrog (D:7)
  3 kobold brigands (D:3)
  A gnoll sergeant (D:8)
  3 necrophages (D:5)
  4 wights
  3 killer bees (D:9)
  5 howler monkeys
  5 centaur zombies (D:8)
  2 jellies
  3 orc priests
  2 hounds
  3 iguanas (D:6)
  An orc wizard (D:8)
  A killer bee zombie (D:8)
  A statue (D:5)
  2 howler monkey zombies (D:8)
  8 adders
  15 gnolls
  3 white imps
  2 worms
  A dart slug (D:1)
  28 orcs
  5 ball pythons
  7 bats
  10 endoplasms
  A giant cockroach (D:2)
  4 goblins
  9 hobgoblins
  49 kobolds
  5 quokkas
  2 frilled lizards
  5 rats
215 creatures vanquished.

Notes
Turn   | Place    | Note
-------+----------+-------------------------------------------
     0 | D:1      | Demosthentine the Demonspawn Gladiator began the quest for
                  | the Orb.
     0 | D:1      | Reached XP level 1. HP: 16/16 MP: 1/1
   262 | D:1      | Discovered your monstrous ancestry.
   262 | D:1      | Gained mutation: You have a pair of small horns on your
                  | head. [demonic ancestry]
   262 | D:1      | Reached XP level 2. HP: 7/22 MP: 2/2
   449 | D:1      | Got the Vellum of the Serac
   617 | D:1      | Found a faded altar of an unknown god.
   779 | D:2      | Reached skill level 1 in Armour
   779 | D:2      | Gained mutation: Your touch may inflict minor irresistible
                  | damage on your foes. [demonic ancestry]
   779 | D:2      | Reached XP level 3. HP: 27/28 MP: 3/3
   789 | D:2      | Identified the ring of Vota {rN+ Str+3 SInv}
  1441 | D:3      | Identified the +1 pair of gloves of Cuanoemeh {Contam +Inv
                  | rN+}
  1690 | D:3      | Gained mutation: Your touch may inflict irresistible damage
                  | on your foes. [demonic ancestry]
  1690 | D:3      | Reached XP level 4. HP: 34/34 MP: 4/4
  1801 | D:3      | Noticed Sigmund
  1809 | D:3      | Killed Sigmund
  1810 | D:3      | Reached skill level 1 in Shields
  1810 | D:3      | Gained mutation: You have a small tail. [demonic ancestry]
  1810 | D:3      | Reached XP level 5. HP: 36/41 MP: 5/5
  1853 | D:3      | Found a shadowy altar of Dithmenos.
  2049 | D:3      | Gained mutation: Spells you cast may paralyse adjacent
                  | enemies. [demonic ancestry]
  2049 | D:3      | Reached XP level 6. HP: 23/47 MP: 6/6
  2702 | D:3      | You fall into a shaft and drop 1 floor!
  2702 | D:4      | Found an ornate altar of the Wu Jian Council.
  2929 | D:4      | Gained mutation: You have a tail ending in a sharp stinger.
                  | [demonic ancestry]
  2929 | D:4      | Reached XP level 7. HP: 53/53 MP: 7/7
  3407 | D:5      | Entered Level 5 of the Dungeon
  3476 | D:4      | Noticed Pikel
  3496 | D:4      | Killed Pikel
  3497 | D:4      | Reached XP level 8. HP: 38/61 MP: 8/8
  4329 | D:5      | Found a radiant altar of Vehumet.
  4339 | D:5      | Reached skill level 5 in Polearms
  4339 | D:5      | Reached skill level 5 in Dodging
  4462 | D:5      | Found a staircase to the Ecumenical Temple.
  4482 | D:5      | Reached skill level 5 in Fighting
  4494 | Temple   | Entered the Ecumenical Temple
  4552 | D:5      | Found a runed translucent gate.
  4552 | D:5      | Found a runed translucent gate.
  4552 | D:5      | Found a runed translucent gate.
  4557 | D:5      | Noticed AuraOfTheDawn's ghost (novice TrMo)
  5011 | D:5      | Killed AuraOfTheDawn's ghost
  5152 | D:6      | Found a transporter.
  5169 | D:6      | Found a transporter.
  5178 | D:6      | Reached XP level 9. HP: 51/68 MP: 9/9
  5247 | D:6      | Found a one-way gate to the infinite horrors of the Abyss.
  5247 | D:6      | Noticed Foxy's ghost (novice KoEn)
  5299 | D:6      | Noticed a brown ugly thing
  5741 | D:6      | Found Ockidaur's Fire Supplies.
  5793 | D:6      | Noticed a troll
  5801 | D:6      | Killed a troll
  5802 | D:6      | Reached skill level 5 in Armour
  6332 | D:6      | Reached skill level 5 in Shields
  6557 | D:6      | Identified the +1 leather armour of Lust {rElec}
  6876 | D:7      | Noticed a two-headed ogre
  6889 | D:7      | Killed a two-headed ogre
  7053 | D:7      | Found a stormy altar of Qazlal.
  7135 | D:7      | Gained mutation: You have a sharp stinger which inflicts
                  | weakening toxins. [demonic ancestry]
  7135 | D:7      | Reached XP level 10. HP: 77/77 MP: 10/10
  7173 | D:7      | Became a worshipper of Qazlal Stormbringer
  7329 | D:8      | Found an iron altar of Okawaru.
  7708 | D:8      | Identified the +1 war axe of the Teaching Seer {flame,
                  | rF+++ rN+++ Will- Str-4}
  7882 | D:8      | Found an opulent altar of Gozag.
  7909 | D:8      | Identified the +2 cloak of Optimism {+Blink rN+ MP-9
                  | Slay+5}
  7977 | D:8      | Found a sparkling altar of Nemelex Xobeh.
  8003 | D:8      | Fell from the grace of Qazlal
  8003 | D:8      | Became a worshipper of Nemelex Xobeh the Trickster
  8067 | D:8      | Noticed Psyche
  8262 | D:8      | Found a basalt altar of Yredelemnul.
  8339 | D:8      | Killed Psyche
  8689 | D:9      | Found Lealut's Armour Shoppe.
  8697 | D:9      | Found Pecawk's Assorted Antiques.
  8698 | D:9      | Noticed Erica
  8721 | D:9      | Killed Erica
  8736 | D:9      | Noticed Harold
  8745 | D:9      | Noticed a two-headed ogre
  8781 | D:9      | HP: 1/80 [two-headed ogre/+0 giant club (8)]
  8782 | D:9      | Killed a two-headed ogre
  8782 | D:9      | Mangled by Harold

Illustrated notes

Levels and vault maps discovered:
D:1:      scummos_arrival_checkerplants, layout_basic,
          dreamdust_ecumenical_altar_hidden_monk_grotto
D:2:      layout_loops_ring
D:3:      minmay_goblin_kobold_castle, layout_loops_cross,
          mainiacjoe_overflow_six_doors_small, uniq_sigmund
D:4:      layout_loops_ring, mainiacjoe_overflow_cross_hatched,
          pdpol_wu_jian_five_deadly_venoms, zin_treasury, uniq_pikel
D:5:      layout_loops_ring, vehumet_statue, minmay_temple_entry_waves,
          ebering_ghost_rock_garden, minivault_5, serial_park_tiny_2
D:6:      layout_cave_pods, gammafunk_ghost_abyssal_escape,
          minmay_misc_feat_four_crosses, nicolae_shop_fire_sale
          [nicolae_sub_dead_trees]
D:7:      layout_basic, mainiacjoe_overflow_alcove_1
D:8:      layout_basic, mainiacjoe_overflow_boulevard,
          nicolae_yredelemnul_corpse_copse, mainiacjoe_overflow_24_doors,
          amcnicky_altar_gilded, minmay_chambers_of_fives, uniq_psyche
D:9:      layout_cave_pools, tso_metal_star, nicolae_uskayaw_dance_studio,
          jmf_multi_god_temple2, enter_bailey_7, serial_shops,
          nicolae_shop_stone, nicolae_shop_behind_doors, nicolae_diamond_shop,
          shop, uniq_harold, uniq_erica
Temple:   nicolae_temple_ecumenical_triangle

Skill      XL: |  1  2  3  4  5  6  7  8  9 10 |
---------------+-------------------------------+-----
Polearms       | 3 4 5 6 7 |  7.4
Armour         | 1 2 3 4 5 6 |  6.5
Dodging        | 3 4 5 6 7 |  7.3
Fighting       | 3 4 5 6 7 |  7.8
Shields        | 1 2 3 4 5 |  5.0
Invocations    | 2 |  2.3
Throwing       | |  1.7

Action                     |  1- 3 |  4- 6 |  7- 9 | 10-12 || total
---------------------------+-------+-------+-------+-------++-------
  Melee: Trident           |    93 |   128 |   267 |   172 ||   660
         Headbutt          |     6 |     9 |    52 |    36 ||   103
         Punch             |     1 |       |     2 |       ||     3
         Touch             |     4 |    12 |    15 |       ||    31
         Tailslap          |       |    16 |    37 |    23 ||    76
         Unarmed           |       |       |       |    14 ||    14
  Throw: Throwing net      |       |     1 |     3 |     2 ||     6
  Evoke: Wand              |       |       |       |     2 ||     2
    Use: Scroll            |     2 |       |    13 |     7 ||    22
         Potion            |       |       |     2 |     3 ||     5
   Stab: Sleeping          |     2 |       |       |       ||     2
         Held in net/web   |       |       |     5 |     1 ||     6
 Armour: Leather armour    |    16 |    26 |    41 |    52 ||   135
  Dodge: Dodged            |    34 |    71 |   117 |   148 ||   370
  Block: Buckler           |       |       |    31 |    71 ||   102

Table legend: (Time is in decaauts)
 A = Elapsed time spent in this place.
 B = Non-inter-level travel time spent in this place.
 C = Inter-level travel time spent in this place.
 D = Time resting spent in this place.
 E = Time spent auto-exploring this place.
 F = Levels seen in this place.
 G = Mean time per level.
                   A        B        C        D        E       F      G
               +--------+--------+--------+--------+--------+-----+--------+
         Total |   8837 |   8569 |    268 |   1043 |   5838 |  10 |  883.7 |
       Dungeon |   8789 |   8521 |    268 |   1043 |   5815 |   9 |  976.6 |
        Temple |     47 |     47 |      0 |      0 |     23 |   1 |   47.0 |
               +--------+--------+--------+--------+--------+-----+--------+

Top non-repeatable levels by time:
     D:3: 1668 daAuts
     D:6: 1370 daAuts
     D:5: 1342 daAuts
     D:8: 1202 daAuts
     D:4: 910 daAuts
     D:1: 761 daAuts
     D:7: 737 daAuts
     D:2: 680 daAuts
     D:9: 116 daAuts
  Temple: 47 daAuts
